BOSTON vs WINNIPEG

Created - Wednesday, April 11, 2018 at 19:09

Goals
1 2 3 OT1 SO T
BOSTON 1 0 2 0 0 3
WINNIPEG 0 1 2 0 1 4
Shots
1 2 3 OT1 SO T
BOSTON 11 1 12 1 3 25
WINNIPEG 7 8 11 2 3 28

1st period

1. BOSTON , Evan Rodrigues 9 (Ivan Provorov 36, Dennis Seidenberg 21) at 5:54

Penalties :
Nick Holden (WPG) for Interference (Minor) at 0:53, Brandon Sutter (WPG) for High sticking (Minor) at 14:52

2nd period

2. WINNIPEG , Cam Atkinson 34 (Alexander Ovechkin 52, Patrick Marleau 47) at 8:53 (PP)

Penalties :
Ivan Provorov (BOS) for Roughing (Minor) at 3:31, Dennis Seidenberg (BOS) for Cross-checking (Minor) at 8:27, Nick Holden (WPG) for Tripping (Minor) at 8:59, Nick Holden (WPG) for Tripping (Minor) at 11:14

3rd period

3. BOSTON , Miles Wood 16 (Tommy Wingels 19) at 1:13
4. WINNIPEG , Alexander Edler 21 (Patrick Marleau 48, Sidney Crosby 57) at 8:10
5. WINNIPEG , Alexander Ovechkin 44 (Bo Horvat 51, Nick Holden 40) at 9:26
6. BOSTON , Ivan Provorov 14 (Conor Allen 7) at 15:36 (PP)

Penalties :
Clayton Stoner (WPG) for Interference (Minor) at 1:36, Drew Stafford (BOS) for Hooking (Minor) at 9:33, Alexander Ovechkin (WPG) for Cross-checking (Minor) at 14:21

Overtime #1

No Goal

Penalties :
Sidney Crosby (WPG) for Hooking (Minor) at 0:05

Shootout

Penalty Shot by Gemel Smith for BOSTON - Shot Misses the Net
Penalty Shot by Sidney Crosby for WINNIPEG - Stopped by Anton Khudobin
Penalty Shot by Evan Rodrigues for BOSTON - Stopped by Jimmy Howard
Penalty Shot by Alexander Ovechkin for WINNIPEG - Shot Misses the Net
Penalty Shot by Markus Hannikainen for BOSTON - Stopped by Jimmy Howard
Penalty Shot by Cam Atkinson for WINNIPEG - Goal!

Penalties :
No Penalty

Goalie Stats

Anton Khudobin (BOS), 25 saves from 28 shots - (0.893), OTL, 4-13-1, 65:00 minutes
Jimmy Howard (WPG), 22 saves from 25 shots - (0.880), W, 13-6-1, 65:00 minutes

Players Stats for BOSTON

Player Name              G  A  P  +/- PIM S  H  SB GA TA FO     MP     PP MP  PK MP  
------------------------------------------------------------------------------------
Brad Richards            0  0  0   0  0   0  0  0  0  0  2/2     2:16   0:52   0:50 
Conor Allen              0  1  1   1  0   0  1  0  0  0  0/0    17:14   1:25   1:28 
Dainius Zubrus           0  0  0  -1  0   1  0  0  0  0  0/0     9:21   1:20   1:04 
Dennis Seidenberg        0  1  1   1  2   3  2  1  0  0  0/0    27:20   5:45   2:23 
Drew Stafford            0  0  0   0  2   1  2  0  0  0  1/1    20:16   5:14   0:26 
Evan Rodrigues           1  0  1   1  0   2  0  0  0  0  1/2    14:23   0:00   1:34 
Gemel Smith              0  0  0   1  0   2  1  0  0  0  0/4    16:53   1:19   1:21 
Ivan Barbashev           0  0  0   1  0   2  3  0  0  0  6/11   13:15   0:00   1:00 
Ivan Provorov            1  1  2   1  2   3  3  2  0  0  0/0    26:56   5:38   1:29 
Kevin Fiala              0  0  0   0  0   0  1  0  0  0  0/2    22:00   5:29   1:59 
Markus Hannikainen       0  0  0  -1  0   0  2  0  0  0  2/11   12:15   4:48   0:30 
Mike Weber               0  0  0  -2  0   2  2  0  0  0  0/0    16:51   0:33   0:43 
Miles Wood               1  0  1   0  0   5  4  1  0  0  10/23  18:04   4:37   0:06 
Oleg Yevenko             0  0  0   1  0   1  1  0  0  0  0/0    18:43   4:50   0:00 
Paul Gaustad             0  0  0  -1  0   0  1  1  0  0  0/0     6:57   0:00   0:00 
Paul LaDue               0  0  0  -2  0   1  1  1  0  0  0/0    21:16   4:09   1:41 
Ronalds Kenins           0  0  0   0  0   1  0  0  0  0  0/0    13:21   0:00   0:00 
Scott Hartnell           0  0  0   0  0   0  3  0  0  0  8/24   20:14   5:14   1:02 
Tommy Wingels            0  1  1   0  0   1  1  0  0  0  1/1    17:58   4:37   0:00 
Ty Loney                 0  0  0   0  0   0  0  0  0  0  0/0     0:00   0:00   0:00 

Players Stats for WINNIPEG

Player Name              G  A  P  +/- PIM S  H  SB GA TA FO     MP     PP MP  PK MP  
------------------------------------------------------------------------------------
Alexander Edler          1  0  1   1  0   2  1  2  0  0  0/0    27:50   2:21   7:12 
Alexander Ovechkin       1  1  2   1  2   2  1  0  0  0  0/1    17:34   2:21   0:00 
Bo Horvat                0  1  1   1  0   0  0  0  0  0  11/17  20:33   2:03   5:08 
Brandon Sutter           0  0  0  -1  2   1  1  0  0  0  11/19  17:27   0:00   6:39 
Cam Atkinson             1  0  1   0  0   7  0  1  0  0  5/6    21:08   2:16   1:22 
Christopher Tanev        0  0  0   1  0   0  0  1  0  0  0/0    23:34   0:00   7:09 
Clayton Stoner           0  0  0   0  2   1  2  0  0  0  0/0    15:28   0:00   2:42 
Jannik Hansen            0  0  0   0  0   1  0  0  0  0  2/2     4:45   0:05   0:00 
Matt Hunwick             0  0  0   0  0   0  0  1  0  0  0/0    18:53   0:00   6:06 
Matt Moulson             0  0  0   0  0   1  0  0  0  0  0/0     4:45   0:05   0:00 
Nic Dowd                 0  0  0   0  0   0  0  0  0  0  2/3     4:40   0:00   0:00 
Nick Holden              0  1  1  -1  6   3  4  0  0  0  0/0    21:32   2:03   3:09 
Patrick Eaves            0  0  0   1  0   2  1  0  0  0  1/1    16:31   2:03   0:00 
Patrick Marleau          0  2  2   0  0   1  0  0  0  0  0/1    19:12   2:16   0:13 
Pierre-Alexandre Parente 0  0  0  -1  0   1  2  0  0  0  2/2    13:56   0:00   3:10 
Sidney Crosby            0  1  1   0  2   5  2  0  0  0  16/27  19:54   2:21   0:00 
Sven Baertschi           0  0  0  -1  0   1  1  0  0  0  0/2    21:45   2:03   7:47 
Troy Stecher             0  0  0  -1  0   0  0  0  0  0  0/0    17:17   2:03   0:00 

3 Stars

1 - Ivan Provorov (BOS)
2 - Alexander Edler (WPG)
3 - Alexander Ovechkin (WPG)

Power Play

BOSTON - 1 on 4 Attempt(s) - 25.00%
WINNIPEG - 1 on 0 Attempt(s) - 0.00%

Penalty Kill

BOSTON - -1 on 0 Attempt(s) - 0.00% - Score 0 goal in Penalty Kill
WINNIPEG - 3 on 4 Attempt(s) - 75.00% - Score 0 goal in Penalty Kill

Team Stat

BOSTON - Hits : 28 - Faceoff Wins : 31 - Blocked Shots : 6 - Penalty Minutes : 6
WINNIPEG - Hits : 15 - Faceoff Wins : 50 - Blocked Shots : 5 - Penalty Minutes : 14

Official

Referees : Unknown
Linesman : Unknown

Game Notes

No Game Note

Finance

Level 1 -- Attendance: 5588 (93.13%) -- Ticket Income $480,568
Level 2 -- Attendance: 4702 (94.04%) -- Ticket Income $239,802
Level 3 -- Attendance: 2000 (100.00%) -- Ticket Income $2,000
Level 4 -- Attendance: 3789 (94.73%) -- Ticket Income $60,624
Luxury Box -- Attendance: 952 (95.20%) -- Ticket Income $165,648
Game was played at the MTS Centre.
Total Attendance: 17031 (94.62%)
Total Ticket Income: $948,642
Total Income: $948,642

BOSTON

5 vs 5 Forward 
   Center                   Left Wing                Right Wing               Time % Phy DF OF 
 1 Scott Hartnell           Kevin Fiala              Drew Stafford            30     1   2  2  
 2 Miles Wood               Tommy Wingels            Ronalds Kenins           30     1   2  2  
 3 Ivan Barbashev           Gemel Smith              Evan Rodrigues           25     1   2  2  
 4 Markus Hannikainen       Dainius Zubrus           Paul Gaustad             15     1   2  2  

5 vs 5 Defense 
   Defense                  Defense                                           Time % Phy DF OF 
 1 Ivan Provorov            Dennis Seidenberg                                 35     1   2  2  
 2 Paul LaDue               Mike Weber                                        30     1   2  2  
 3 Conor Allen              Oleg Yevenko                                      25     1   2  2  
 4 Ivan Provorov            Dennis Seidenberg                                 10     1   2  2  

PowerPlay Forward 
   Center                   Left Wing                Right Wing               Time % Phy DF OF 
 1 Scott Hartnell           Drew Stafford            Kevin Fiala              60     1   2  2  
 2 Miles Wood               Tommy Wingels            Markus Hannikainen       40     1   2  2  

PowerPlay Defense
   Defense                  Defense                                           Time % Phy DF OF 
 1 Ivan Provorov            Dennis Seidenberg                                 60     1   2  2  
 2 Paul LaDue               Oleg Yevenko                                      40     1   2  2  

Penalty Kill 4 Players Forward 
   Center                   Wing                     Time % Phy DF OF 
 1 Scott Hartnell           Evan Rodrigues           60     1   2  2  
 2 Kevin Fiala              Drew Stafford            40     1   2  2  

Penalty Kill 4 Players Defense
   Defense                  Defense                  Time % Phy DF OF 
 1 Dennis Seidenberg        Ivan Provorov            60     1   2  2  
 2 Conor Allen              Paul LaDue               40     1   2  2  

Penalty Kill - 3 Players Forward 
   Forward                                           Time % Phy DF OF 
 1 Scott Hartnell                                    60     1   2  2  
 2 Ivan Barbashev                                    40     1   2  2  

Penalty Kill - 3 Players Defense
   Defense                  Defense                  Time % Phy DF OF 
 1 Dennis Seidenberg        Ivan Provorov            60     1   2  2  
 2 Oleg Yevenko             Conor Allen              40     1   2  2  

4 vs 4 Forward 
   Center                   Wing                     Time % Phy DF OF 
 1 Gemel Smith              Drew Stafford            60     1   2  2  
 2 Scott Hartnell           Kevin Fiala              40     1   2  2  

4 vs 4 Defense
   Defense                  Defense                  Time % Phy DF OF 
 1 Ivan Provorov            Dennis Seidenberg        60     1   2  2  
 2 Conor Allen              Oleg Yevenko             40     1   2  2  

Last Minutes Offensive
   Center                   Left Wing                Right Wing               Defense                  Defense                  
   Scott Hartnell           Kevin Fiala              Drew Stafford            Ivan Provorov            Dennis Seidenberg        

Last Minutes Defensive
   Center                   Left Wing                Right Wing               Defense                  Defense                  
   Scott Hartnell           Kevin Fiala              Drew Stafford            Ivan Provorov            Dennis Seidenberg        

Goaltenders
Starting : Anton Khudobin           
Backup : Henrik Lundqvist         

Extra Forwards
Normal : Drew Stafford, Gemel Smith, Evan Rodrigues - PP : Scott Hartnell, Markus Hannikainen - PK : Kevin Fiala
Extra Defensemen
Normal : Dennis Seidenberg, Ivan Provorov, Paul LaDue - PP : Dennis Seidenberg - PK : Dennis Seidenberg, Ivan Provorov
Penalty Shots
Gemel Smith, Evan Rodrigues, Markus Hannikainen, Paul Gaustad, Drew Stafford

Scratches
BOS Cap Hit (Suspend), Jhonas Enroth (Healthy)

WINNIPEG

5 vs 5 Forward 
   Center                   Left Wing                Right Wing               Time % Phy DF OF 
 1 Sidney Crosby            Patrick Marleau          Cam Atkinson             35     0   2  3  
 2 Bo Horvat                Patrick Eaves            Alexander Ovechkin       30     0   2  3  
 3 Brandon Sutter           Sven Baertschi           Pierre-Alexandre Parentea25     1   2  2  
 4 Nic Dowd                 Matt Moulson             Jannik Hansen            10     1   2  2  

5 vs 5 Defense 
   Defense                  Defense                                           Time % Phy DF OF 
 1 Alexander Edler          Christopher Tanev                                 35     1   2  2  
 2 Nick Holden              Troy Stecher                                      30     1   2  2  
 3 Clayton Stoner           Matt Hunwick                                      25     1   2  2  
 4 Alexander Edler          Christopher Tanev                                 10     1   2  2  

PowerPlay Forward 
   Center                   Left Wing                Right Wing               Time % Phy DF OF 
 1 Sidney Crosby            Patrick Marleau          Cam Atkinson             60     1   2  2  
 2 Bo Horvat                Sven Baertschi           Patrick Eaves            40     1   2  2  

PowerPlay Defense
   Defense                  Defense                                           Time % Phy DF OF 
 1 Alexander Ovechkin       Alexander Edler                                   60     1   2  2  
 2 Nick Holden              Troy Stecher                                      40     1   2  2  

Penalty Kill 4 Players Forward 
   Center                   Wing                     Time % Phy DF OF 
 1 Brandon Sutter           Sven Baertschi           60     1   2  2  
 2 Bo Horvat                Pierre-Alexandre Parentea40     1   2  2  

Penalty Kill 4 Players Defense
   Defense                  Defense                  Time % Phy DF OF 
 1 Christopher Tanev        Alexander Edler          60     1   2  2  
 2 Matt Hunwick             Nick Holden              40     1   2  2  

Penalty Kill - 3 Players Forward 
   Forward                                           Time % Phy DF OF 
 1 Bo Horvat                                         60     1   2  2  
 2 Brandon Sutter                                    40     1   2  2  

Penalty Kill - 3 Players Defense
   Defense                  Defense                  Time % Phy DF OF 
 1 Christopher Tanev        Alexander Edler          60     1   2  2  
 2 Matt Hunwick             Nick Holden              40     1   2  2  

4 vs 4 Forward 
   Center                   Wing                     Time % Phy DF OF 
 1 Sidney Crosby            Cam Atkinson             60     1   2  2  
 2 Bo Horvat                Alexander Ovechkin       40     1   2  2  

4 vs 4 Defense
   Defense                  Defense                  Time % Phy DF OF 
 1 Alexander Ovechkin       Alexander Edler          60     1   2  2  
 2 Sven Baertschi           Nick Holden              40     1   2  2  

Last Minutes Offensive
   Center                   Left Wing                Right Wing               Defense                  Defense                  
   Sidney Crosby            Patrick Eaves            Cam Atkinson             Alexander Ovechkin       Nick Holden              

Last Minutes Defensive
   Center                   Left Wing                Right Wing               Defense                  Defense                  
   Bo Horvat                Brandon Sutter           Cam Atkinson             Christopher Tanev        Alexander Edler          

Goaltenders
Starting : Jimmy Howard             
Backup : Braden Holtby            

Extra Forwards
Normal : Patrick Eaves, Alexander Ovechkin, Patrick Marleau - PP : Sven Baertschi, Sidney Crosby - PK : Cam Atkinson
Extra Defensemen
Normal : Troy Stecher, Clayton Stoner, Christopher Tanev - PP : Troy Stecher - PK : Clayton Stoner, Christopher Tanev
Penalty Shots
Sidney Crosby, Alexander Ovechkin, Cam Atkinson, Patrick Eaves, Patrick Marleau

Scratches
WPG CAP HIT (Suspend)

% Time on Ice - BOSTON

Lines # - Real PCT - Wanted PCT - Time Play
Normal Forward
1 - 28% - 30% - 12:16
2 - 30% - 30% - 13:21
3 - 27% - 25% - 11:52
4 - 16% - 15% - 6:57
Normal Defense
1 - 36% - 35% - 15:47
2 - 36% - 30% - 15:48
3 - 26% - 25% - 11:28
4 - 3% - 10% - 1:23
PP Forward
1 - 53% - 60% - 5:56
2 - 47% - 40% - 5:14
PP Defense
1 - 53% - 60% - 5:53
2 - 47% - 40% - 5:17
PK Forward
1 - 66% - 60% - 2:55
2 - 34% - 40% - 1:29
PK Defense
1 - 79% - 60% - 3:28
2 - 21% - 40% - 0:56
PK3 Forward
1 - 0% - 60%
2 - 0% - 40%
PK3 Defense
1 - 0% - 60%
2 - 0% - 40%
44 Forward
1 - 66% - 60% - 3:18
2 - 34% - 40% - 1:42
44 Defense
1 - 53% - 60% - 2:40
2 - 47% - 40% - 2:20
Last Minute Offensive  - 0:00
Last Minute Defensive  - 0:00
Total
Forward - 65:00
Defense - 65:00

% Time on Ice - WINNIPEG

Lines # - Real PCT - Wanted PCT - Time Play
Normal Forward
1 - 35% - 35% - 15:38
2 - 30% - 30% - 13:22
3 - 24% - 25% - 10:46
4 - 11% - 10% - 4:40
Normal Defense
1 - 34% - 35% - 14:58
2 - 34% - 30% - 15:14
3 - 29% - 25% - 12:47
4 - 3% - 10% - 1:27
PP Forward
1 - 53% - 60% - 2:21
2 - 47% - 40% - 2:03
PP Defense
1 - 53% - 60% - 2:21
2 - 47% - 40% - 2:03
PK Forward
1 - 72% - 60% - 8:00
2 - 28% - 40% - 3:10
PK Defense
1 - 55% - 60% - 6:08
2 - 45% - 40% - 5:02
PK3 Forward
1 - 75% - 60% - 1:29
2 - 25% - 40% - 0:30
PK3 Defense
1 - 46% - 60% - 0:55
2 - 54% - 40% - 1:04
44 Forward
1 - 100% - 60% - 3:01
2 - 0% - 40% - 0:00
44 Defense
1 - 62% - 60% - 1:52
2 - 38% - 40% - 1:09
Last Minute Offensive  - 0:00
Last Minute Defensive  - 0:00
Total
Forward - 65:00
Defense - 65:00

Play-by-Play

1st period


0:01 of 1st period - Scott Hartnell wins face-off versus Sidney Crosby in neutral zone.
0:50 of 1st period - Off-side.
0:51 of 1st period - Ivan Barbashev wins face-off versus Bo Horvat in neutral zone.
0:53 of 1st period - Minor Penalty to Nick Holden for Interference.
0:54 of 1st period - Miles Wood wins face-off versus Brandon Sutter in WINNIPEG zone.
1:10 of 1st period - Shot by Paul LaDue.
1:10 of 1st period - Shot Misses the Net.
1:12 of 1st period - Shot by Miles Wood.
1:12 of 1st period - Stopped by Jimmy Howard with a rebound.
1:43 of 1st period - Shot by Dennis Seidenberg.
1:43 of 1st period - Shot Blocked by Matt Hunwick.
1:47 of 1st period - Shot by Ivan Provorov.
1:47 of 1st period - Shot Misses the Net.
1:49 of 1st period - Shot by Dennis Seidenberg.
1:49 of 1st period - Shot Misses the Net.
2:32 of 1st period - Shot by Paul LaDue.
2:32 of 1st period - Shot Blocked by Alexander Edler.
2:34 of 1st period - Shot by Miles Wood.
2:34 of 1st period - Stopped by Jimmy Howard without a rebound.
2:35 of 1st period - Brad Richards wins face-off versus Bo Horvat in WINNIPEG zone.
2:49 of 1st period - Off-side.
2:50 of 1st period - Miles Wood wins face-off versus Bo Horvat in neutral zone.
3:06 of 1st period - Troy Stecher is hit by Gemel Smith and loses puck.
4:25 of 1st period - Christopher Tanev is hit by Miles Wood and loses puck.
5:18 of 1st period - Shot by Brandon Sutter.
5:18 of 1st period - Shot Misses the Net.
5:20 of 1st period - Shot by Sven Baertschi.
5:20 of 1st period - Shot Misses the Net.
5:22 of 1st period - Shot by Pierre-Alexandre Parenteau.
5:22 of 1st period - Stopped by Anton Khudobin without a rebound.
5:23 of 1st period - Ivan Barbashev wins face-off versus Sidney Crosby in BOSTON zone.
5:48 of 1st period - Shot by Evan Rodrigues.
5:48 of 1st period - Shot Blocked by Cam Atkinson.
5:54 of 1st period - Shot by Evan Rodrigues.
5:54 of 1st period - Goal by Evan Rodrigues - BOSTON : 1 - WINNIPEG : 0.
5:55 of 1st period - Pierre-Alexandre Parenteau wins face-off versus Scott Hartnell in neutral zone.
6:07 of 1st period - Conor Allen is hit by Brandon Sutter and loses puck.
6:45 of 1st period - Off-side.
6:46 of 1st period - Miles Wood wins face-off versus Sidney Crosby in neutral zone.
7:09 of 1st period - Shot by Cam Atkinson.
7:09 of 1st period - Shot Misses the Net.
7:21 of 1st period - Icing by Sidney Crosby.
7:22 of 1st period - Evan Rodrigues wins face-off versus Cam Atkinson in WINNIPEG zone.
7:42 of 1st period - Icing by Nick Holden.
7:43 of 1st period - Sidney Crosby wins face-off versus Markus Hannikainen in WINNIPEG zone.
7:45 of 1st period - Cam Atkinson is hit by Paul Gaustad and loses puck.
7:50 of 1st period - Shot by Sidney Crosby.
7:50 of 1st period - Shot Misses the Net.
7:52 of 1st period - Shot by Cam Atkinson.
7:52 of 1st period - Stopped by Anton Khudobin without a rebound.
7:53 of 1st period - Scott Hartnell wins face-off versus Bo Horvat in BOSTON zone.
8:00 of 1st period - Christopher Tanev is hit by Scott Hartnell and loses puck.
9:10 of 1st period - Icing by Alexander Edler.
9:11 of 1st period - Bo Horvat wins face-off versus Ivan Barbashev in WINNIPEG zone.
9:11 of 1st period - Bo Horvat is hit by Ivan Barbashev.
10:17 of 1st period - Shot by Cam Atkinson.
10:17 of 1st period - Stopped by Anton Khudobin without a rebound.
10:18 of 1st period - Sidney Crosby wins face-off versus Markus Hannikainen in BOSTON zone.
10:19 of 1st period - Shot by Patrick Marleau.
10:19 of 1st period - Shot Blocked by Ivan Provorov.
10:21 of 1st period - Shot by Patrick Marleau.
10:21 of 1st period - Shot Misses the Net.
10:23 of 1st period - Shot by Sidney Crosby.
10:23 of 1st period - Shot Misses the Net.
10:25 of 1st period - Shot by Nick Holden.
10:25 of 1st period - Stopped by Anton Khudobin without a rebound.
10:26 of 1st period - Sidney Crosby wins face-off versus Scott Hartnell in BOSTON zone.
10:31 of 1st period - Shot by Cam Atkinson.
10:31 of 1st period - Stopped by Anton Khudobin without a rebound.
10:32 of 1st period - Sidney Crosby wins face-off versus Miles Wood in BOSTON zone.
10:32 of 1st period - Sidney Crosby is hit by Ivan Provorov.
10:50 of 1st period - Shot by Ivan Provorov.
10:50 of 1st period - Shot Misses the Net.
11:12 of 1st period - Shot by Patrick Marleau.
11:12 of 1st period - Shot Misses the Net.
12:32 of 1st period - Shot by Ivan Barbashev.
12:32 of 1st period - Shot Misses the Net.
12:34 of 1st period - Shot by Evan Rodrigues.
12:34 of 1st period - Stopped by Jimmy Howard without a rebound.
12:35 of 1st period - Jannik Hansen wins face-off versus Scott Hartnell in WINNIPEG zone.
12:35 of 1st period - Jannik Hansen is hit by Scott Hartnell.
13:10 of 1st period - Scott Hartnell is hit by Clayton Stoner and loses puck.
13:43 of 1st period - Shot by Patrick Eaves.
13:43 of 1st period - Shot Misses the Net.
13:52 of 1st period - Ronalds Kenins is hit by Nick Holden and loses puck.
14:25 of 1st period - Ivan Barbashev is hit by Nick Holden and loses puck.
14:28 of 1st period - Shot by Evan Rodrigues.
14:28 of 1st period - Deflect By Ivan Barbashev.
14:28 of 1st period - Shot Misses the Net.
14:30 of 1st period - Shot by Gemel Smith.
14:30 of 1st period - Shot Misses the Net.
14:32 of 1st period - Shot by Gemel Smith.
14:32 of 1st period - Shot Misses the Net.
14:34 of 1st period - Shot by Gemel Smith.
14:34 of 1st period - Shot Misses the Net.
14:36 of 1st period - Shot by Ivan Barbashev.
14:36 of 1st period - Shot Misses the Net.
14:38 of 1st period - Shot by Mike Weber.
14:38 of 1st period - Stopped by Jimmy Howard without a rebound.
14:39 of 1st period - Sidney Crosby wins face-off versus Markus Hannikainen in WINNIPEG zone.
14:50 of 1st period - Shot by Cam Atkinson.
14:50 of 1st period - Stopped by Anton Khudobin without a rebound.
14:51 of 1st period - Scott Hartnell wins face-off versus Brandon Sutter in BOSTON zone.
14:51 of 1st period - Scott Hartnell is hit by Pierre-Alexandre Parenteau.
14:52 of 1st period - Minor Penalty to Brandon Sutter for High sticking.
14:53 of 1st period - Cam Atkinson wins face-off versus Scott Hartnell in WINNIPEG zone.
15:10 of 1st period - Shot by Ivan Provorov.
15:10 of 1st period - Stopped by Jimmy Howard with a rebound.
15:12 of 1st period - Shot by Ivan Provorov.
15:12 of 1st period - Shot Blocked by Christopher Tanev.
15:14 of 1st period - Shot by Ivan Provorov.
15:14 of 1st period - Shot Blocked by Alexander Edler.
15:16 of 1st period - Shot by Kevin Fiala.
15:16 of 1st period - Shot Misses the Net.
15:18 of 1st period - Shot by Dennis Seidenberg.
15:18 of 1st period - Stopped by Jimmy Howard without a rebound.
15:19 of 1st period - Cam Atkinson wins face-off versus Miles Wood in WINNIPEG zone.
15:19 of 1st period - Cam Atkinson is hit by Miles Wood.
15:26 of 1st period - Icing by Tommy Wingels.
15:27 of 1st period - Cam Atkinson wins face-off versus Miles Wood in BOSTON zone.
15:54 of 1st period - Shot by Paul LaDue.
15:54 of 1st period - Shot Misses the Net.
15:56 of 1st period - Shot by Miles Wood.
15:56 of 1st period - Stopped by Jimmy Howard without a rebound.
15:57 of 1st period - Bo Horvat wins face-off versus Scott Hartnell in WINNIPEG zone.
16:03 of 1st period - Icing by Drew Stafford.
16:04 of 1st period - Cam Atkinson wins face-off versus Scott Hartnell in BOSTON zone.
16:04 of 1st period - Cam Atkinson is hit by Ivan Provorov.
16:30 of 1st period - Shot by Dennis Seidenberg.
16:30 of 1st period - Stopped by Jimmy Howard without a rebound.
16:31 of 1st period - Bo Horvat wins face-off versus Miles Wood in WINNIPEG zone.
17:12 of 1st period - Shot by Ivan Barbashev.
17:12 of 1st period - Shot Misses the Net.
17:14 of 1st period - Shot by Ivan Barbashev.
17:14 of 1st period - Stopped by Jimmy Howard without a rebound.
17:15 of 1st period - Sidney Crosby wins face-off versus Scott Hartnell in WINNIPEG zone.
17:35 of 1st period - Icing by Paul LaDue.
17:36 of 1st period - Bo Horvat wins face-off versus Scott Hartnell in BOSTON zone.
18:08 of 1st period - Off-side.
18:09 of 1st period - Miles Wood wins face-off versus Sidney Crosby in neutral zone.
18:17 of 1st period - Shot by Cam Atkinson.
18:17 of 1st period - Stopped by Anton Khudobin without a rebound.
18:18 of 1st period - Ivan Barbashev wins face-off versus Sidney Crosby in BOSTON zone.
18:53 of 1st period - Shot by Ivan Barbashev.
18:53 of 1st period - Stopped by Jimmy Howard without a rebound.
18:54 of 1st period - Brandon Sutter wins face-off versus Miles Wood in WINNIPEG zone.
Goals for this period are 1 for BOSTON vs 0 for WINNIPEG.
Shots for this period are 11 for BOSTON vs 7 for WINNIPEG.

2nd period


0:01 of 2nd period - Miles Wood wins face-off versus Sidney Crosby in neutral zone.
0:08 of 2nd period - Shot by Dennis Seidenberg.
0:08 of 2nd period - Shot Misses the Net.
0:10 of 2nd period - Shot by Miles Wood.
0:10 of 2nd period - Shot Misses the Net.
0:25 of 2nd period - Shot by Miles Wood.
0:25 of 2nd period - Shot Misses the Net.
0:54 of 2nd period - Icing by Tommy Wingels.
0:55 of 2nd period - Miles Wood wins face-off versus Brandon Sutter in BOSTON zone.
1:20 of 2nd period - Shot by Sven Baertschi.
1:20 of 2nd period - Deflect By Pierre-Alexandre Parenteau.
1:20 of 2nd period - Shot Misses the Net.
1:22 of 2nd period - Shot by Clayton Stoner.
1:22 of 2nd period - Stopped by Anton Khudobin with a rebound.
2:55 of 2nd period - Christopher Tanev is hit by Mike Weber and loses puck.
3:31 of 2nd period - Minor Penalty to Ivan Provorov for Roughing.
3:32 of 2nd period - Brad Richards wins face-off versus Bo Horvat in BOSTON zone.
3:42 of 2nd period - Troy Stecher is hit by Dennis Seidenberg and loses puck.
5:11 of 2nd period - Shot by Troy Stecher.
5:11 of 2nd period - Shot Misses the Net.
5:24 of 2nd period - Off-side.
5:25 of 2nd period - Sidney Crosby wins face-off versus Scott Hartnell in neutral zone.
5:42 of 2nd period - Icing by Clayton Stoner.
5:43 of 2nd period - Jannik Hansen wins face-off versus Miles Wood in WINNIPEG zone.
6:02 of 2nd period - Shot by Jannik Hansen.
6:02 of 2nd period - Stopped by Anton Khudobin without a rebound.
6:03 of 2nd period - Brandon Sutter wins face-off versus Markus Hannikainen in BOSTON zone.
6:15 of 2nd period - Icing by Christopher Tanev.
6:16 of 2nd period - Pierre-Alexandre Parenteau wins face-off versus Ivan Barbashev in WINNIPEG zone.
6:27 of 2nd period - Gemel Smith is hit by Pierre-Alexandre Parenteau and loses puck.
6:42 of 2nd period - Ivan Barbashev is hit by Sven Baertschi and loses puck.
6:54 of 2nd period - Pierre-Alexandre Parenteau is hit by Paul LaDue and loses puck.
7:14 of 2nd period - Shot by Cam Atkinson.
7:14 of 2nd period - Stopped by Anton Khudobin with a rebound.
7:16 of 2nd period - Shot by Patrick Marleau.
7:16 of 2nd period - Shot Misses the Net.
7:18 of 2nd period - Shot by Cam Atkinson.
7:18 of 2nd period - Shot Misses the Net.
7:20 of 2nd period - Shot by Patrick Marleau.
7:20 of 2nd period - Shot Misses the Net.
7:38 of 2nd period - Shot by Nick Holden.
7:38 of 2nd period - Stopped by Anton Khudobin with a rebound.
7:40 of 2nd period - Shot by Cam Atkinson.
7:40 of 2nd period - Shot Misses the Net.
7:42 of 2nd period - Shot by Nick Holden.
7:42 of 2nd period - Shot Blocked by Paul LaDue.
7:44 of 2nd period - Shot by Patrick Marleau.
7:44 of 2nd period - Shot Misses the Net.
7:46 of 2nd period - Shot by Nick Holden.
7:46 of 2nd period - Stopped by Anton Khudobin with a rebound.
7:53 of 2nd period - Icing by Mike Weber.
7:54 of 2nd period - Ivan Barbashev wins face-off versus Alexander Ovechkin in BOSTON zone.
8:10 of 2nd period - Shot by Patrick Eaves.
8:10 of 2nd period - Stopped by Anton Khudobin without a rebound.
8:11 of 2nd period - Nic Dowd wins face-off versus Miles Wood in BOSTON zone.
8:11 of 2nd period - Matt Moulson is hit by Ivan Provorov and loses puck.
8:23 of 2nd period - Nic Dowd is hit by Dennis Seidenberg and loses puck.
8:27 of 2nd period - Minor Penalty to Dennis Seidenberg for Cross-checking.
8:28 of 2nd period - Sidney Crosby wins face-off versus Kevin Fiala in BOSTON zone.
8:53 of 2nd period - Shot by Cam Atkinson.
8:53 of 2nd period - Goal by Cam Atkinson - BOSTON : 1 - WINNIPEG : 1.
8:54 of 2nd period - Miles Wood wins face-off versus Sven Baertschi in neutral zone.
8:57 of 2nd period - Nick Holden is hit by Tommy Wingels and loses puck.
8:59 of 2nd period - Minor Penalty to Nick Holden for Tripping.
9:00 of 2nd period - Miles Wood wins face-off versus Brandon Sutter in WINNIPEG zone.
9:58 of 2nd period - Dennis Seidenberg is hit by Alexander Edler and loses puck.
10:09 of 2nd period - Shot by Bo Horvat.
10:09 of 2nd period - Shot Misses the Net.
10:34 of 2nd period - Sven Baertschi is hit by Drew Stafford and loses puck.
11:12 of 2nd period - Nick Holden is hit by Markus Hannikainen and loses puck.
11:14 of 2nd period - Minor Penalty to Nick Holden for Tripping.
11:15 of 2nd period - Brandon Sutter wins face-off versus Miles Wood in WINNIPEG zone.
11:30 of 2nd period - Shot by Tommy Wingels.
11:30 of 2nd period - Stopped by Jimmy Howard without a rebound.
11:31 of 2nd period - Bo Horvat wins face-off versus Miles Wood in WINNIPEG zone.
11:31 of 2nd period - Bo Horvat is hit by Markus Hannikainen.
12:09 of 2nd period - Brandon Sutter is hit by Scott Hartnell and loses puck.
13:34 of 2nd period - Icing by Dennis Seidenberg.
13:35 of 2nd period - Nic Dowd wins face-off versus Gemel Smith in BOSTON zone.
13:38 of 2nd period - Shot by Matt Moulson.
13:38 of 2nd period - Stopped by Anton Khudobin with a rebound.
14:24 of 2nd period - Miles Wood is hit by Patrick Eaves and loses puck.
14:47 of 2nd period - Shot by Alexander Ovechkin.
14:47 of 2nd period - Shot Misses the Net.
15:23 of 2nd period - Shot by Markus Hannikainen.
15:23 of 2nd period - Shot Misses the Net.
16:13 of 2nd period - Dennis Seidenberg is hit by Nick Holden and loses puck.
16:34 of 2nd period - Shot by Brandon Sutter.
16:34 of 2nd period - Shot Misses the Net.
17:27 of 2nd period - Shot by Clayton Stoner.
17:27 of 2nd period - Shot Blocked by Paul Gaustad.
Goals for this period are 0 for BOSTON vs 1 for WINNIPEG.
Shots for this period are 1 for BOSTON vs 8 for WINNIPEG.

3rd period


0:01 of 3rd period - Drew Stafford wins face-off versus Sidney Crosby in neutral zone.
0:44 of 3rd period - Shot by Sidney Crosby.
0:44 of 3rd period - Shot Misses the Net.
1:13 of 3rd period - Shot by Miles Wood.
1:13 of 3rd period - Goal by Miles Wood - BOSTON : 2 - WINNIPEG : 1.
1:14 of 3rd period - Bo Horvat wins face-off versus Markus Hannikainen in neutral zone.
1:29 of 3rd period - Markus Hannikainen is hit by Clayton Stoner and loses puck.
1:32 of 3rd period - Shot by Markus Hannikainen.
1:32 of 3rd period - Shot Misses the Net.
1:34 of 3rd period - Shot by Dainius Zubrus.
1:34 of 3rd period - Shot Misses the Net.
1:36 of 3rd period - Shot by Mike Weber.
1:36 of 3rd period - Stopped by Jimmy Howard without a rebound.
1:36 of 3rd period - Minor Penalty to Clayton Stoner for Interference.
1:37 of 3rd period - Brandon Sutter wins face-off versus Miles Wood in WINNIPEG zone.
2:07 of 3rd period - Shot by Dennis Seidenberg.
2:07 of 3rd period - Stopped by Jimmy Howard with a rebound.
2:23 of 3rd period - Shot by Paul LaDue.
2:23 of 3rd period - Shot Misses the Net.
2:27 of 3rd period - Shot by Kevin Fiala.
2:27 of 3rd period - Shot Misses the Net.
2:29 of 3rd period - Shot by Oleg Yevenko.
2:29 of 3rd period - Stopped by Jimmy Howard without a rebound.
2:30 of 3rd period - Brandon Sutter wins face-off versus Scott Hartnell in WINNIPEG zone.
2:39 of 3rd period - Shot by Drew Stafford.
2:39 of 3rd period - Stopped by Jimmy Howard without a rebound.
2:40 of 3rd period - Brandon Sutter wins face-off versus Scott Hartnell in WINNIPEG zone.
3:34 of 3rd period - Shot by Paul LaDue.
3:34 of 3rd period - Stopped by Jimmy Howard without a rebound.
3:35 of 3rd period - Bo Horvat wins face-off versus Miles Wood in WINNIPEG zone.
3:43 of 3rd period - Off-side.
3:44 of 3rd period - Ivan Barbashev wins face-off versus Patrick Marleau in neutral zone.
3:44 of 3rd period - Ivan Barbashev is hit by Sidney Crosby.
3:48 of 3rd period - Shot by Gemel Smith.
3:48 of 3rd period - Stopped by Jimmy Howard without a rebound.
3:49 of 3rd period - Sidney Crosby wins face-off versus Miles Wood in WINNIPEG zone.
3:54 of 3rd period - Miles Wood is hit by Sidney Crosby and loses puck.
4:05 of 3rd period - Shot by Cam Atkinson.
4:05 of 3rd period - Shot Blocked by Miles Wood.
4:07 of 3rd period - Shot by Christopher Tanev.
4:07 of 3rd period - Shot Misses the Net.
4:11 of 3rd period - Shot by Patrick Marleau.
4:11 of 3rd period - Stopped by Anton Khudobin without a rebound.
4:12 of 3rd period - Brandon Sutter wins face-off versus Markus Hannikainen in BOSTON zone.
4:23 of 3rd period - Icing by Nick Holden.
4:24 of 3rd period - Scott Hartnell wins face-off versus Sven Baertschi in WINNIPEG zone.
4:25 of 3rd period - Shot by Drew Stafford.
4:25 of 3rd period - Shot Misses the Net.
4:33 of 3rd period - Shot by Sven Baertschi.
4:33 of 3rd period - Stopped by Anton Khudobin without a rebound.
4:34 of 3rd period - Tommy Wingels wins face-off versus Sidney Crosby in BOSTON zone.
4:39 of 3rd period - Sidney Crosby is hit by Miles Wood and loses puck.
4:50 of 3rd period - Shot by Sidney Crosby.
4:50 of 3rd period - Stopped by Anton Khudobin without a rebound.
4:51 of 3rd period - Brandon Sutter wins face-off versus Scott Hartnell in BOSTON zone.
4:55 of 3rd period - Sven Baertschi is hit by Conor Allen and loses puck.
5:18 of 3rd period - Icing by Oleg Yevenko.
5:19 of 3rd period - Sidney Crosby wins face-off versus Scott Hartnell in BOSTON zone.
5:41 of 3rd period - Shot by Sidney Crosby.
5:41 of 3rd period - Stopped by Anton Khudobin without a rebound.
5:42 of 3rd period - Brandon Sutter wins face-off versus Miles Wood in BOSTON zone.
5:55 of 3rd period - Shot by Miles Wood.
5:55 of 3rd period - Stopped by Jimmy Howard without a rebound.
5:56 of 3rd period - Sidney Crosby wins face-off versus Ivan Barbashev in WINNIPEG zone.
5:56 of 3rd period - Sidney Crosby is hit by Ivan Barbashev.
6:12 of 3rd period - Cam Atkinson is hit by Mike Weber and loses puck.
6:17 of 3rd period - Shot by Sidney Crosby.
6:17 of 3rd period - Deflect By Patrick Marleau.
6:17 of 3rd period - Shot Misses the Net.
6:19 of 3rd period - Shot by Alexander Edler.
6:19 of 3rd period - Stopped by Anton Khudobin without a rebound.
6:20 of 3rd period - Miles Wood wins face-off versus Bo Horvat in BOSTON zone.
7:46 of 3rd period - Icing by Alexander Edler.
7:47 of 3rd period - Markus Hannikainen wins face-off versus Sidney Crosby in WINNIPEG zone.
8:08 of 3rd period - Shot by Patrick Marleau.
8:08 of 3rd period - Shot Misses the Net.
8:10 of 3rd period - Shot by Alexander Edler.
8:10 of 3rd period - Goal by Alexander Edler - BOSTON : 2 - WINNIPEG : 2.
8:11 of 3rd period - Ivan Barbashev wins face-off versus Brandon Sutter in neutral zone.
9:26 of 3rd period - Shot by Alexander Ovechkin.
9:26 of 3rd period - Goal by Alexander Ovechkin - BOSTON : 2 - WINNIPEG : 3.
9:27 of 3rd period - Sidney Crosby wins face-off versus Scott Hartnell in neutral zone.
9:33 of 3rd period - Minor Penalty to Drew Stafford for Hooking.
9:34 of 3rd period - Scott Hartnell wins face-off versus Sidney Crosby in BOSTON zone.
10:12 of 3rd period - Shot by Cam Atkinson.
10:12 of 3rd period - Shot Misses the Net.
11:19 of 3rd period - Shot by Alexander Ovechkin.
11:19 of 3rd period - Shot Misses the Net.
11:25 of 3rd period - Shot by Alexander Ovechkin.
11:25 of 3rd period - Shot Blocked by Dennis Seidenberg.
11:31 of 3rd period - Shot by Sidney Crosby.
11:31 of 3rd period - Stopped by Anton Khudobin without a rebound.
11:32 of 3rd period - Scott Hartnell wins face-off versus Sidney Crosby in BOSTON zone.
14:00 of 3rd period - Scott Hartnell is hit by Nick Holden and loses puck.
14:20 of 3rd period - Dennis Seidenberg is hit by Alexander Ovechkin and loses puck.
14:21 of 3rd period - Minor Penalty to Alexander Ovechkin for Cross-checking.
14:22 of 3rd period - Scott Hartnell wins face-off versus Brandon Sutter in WINNIPEG zone.
14:27 of 3rd period - Shot by Ivan Provorov.
14:27 of 3rd period - Stopped by Jimmy Howard without a rebound.
14:28 of 3rd period - Brandon Sutter wins face-off versus Scott Hartnell in WINNIPEG zone.
15:24 of 3rd period - Shot by Dainius Zubrus.
15:24 of 3rd period - Stopped by Jimmy Howard without a rebound.
15:25 of 3rd period - Markus Hannikainen wins face-off versus Brandon Sutter in WINNIPEG zone.
15:36 of 3rd period - Shot by Ivan Provorov.
15:36 of 3rd period - Goal by Ivan Provorov - BOSTON : 3 - WINNIPEG : 3.
15:37 of 3rd period - Bo Horvat wins face-off versus Ivan Barbashev in neutral zone.
15:43 of 3rd period - Alexander Ovechkin is hit by Oleg Yevenko and loses puck.
15:58 of 3rd period - Bo Horvat is hit by Ivan Barbashev and loses puck.
16:13 of 3rd period - Shot by Alexander Ovechkin.
16:13 of 3rd period - Stopped by Anton Khudobin without a rebound.
16:14 of 3rd period - Cam Atkinson wins face-off versus Markus Hannikainen in BOSTON zone.
16:15 of 3rd period - Shot by Sidney Crosby.
16:15 of 3rd period - Shot Blocked by Ivan Provorov.
16:29 of 3rd period - Icing by Ivan Provorov.
16:30 of 3rd period - Brandon Sutter wins face-off versus Markus Hannikainen in BOSTON zone.
16:40 of 3rd period - Icing by Ivan Provorov.
16:41 of 3rd period - Bo Horvat wins face-off versus Markus Hannikainen in BOSTON zone.
18:23 of 3rd period - Shot by Drew Stafford.
18:23 of 3rd period - Shot Misses the Net.
18:49 of 3rd period - Shot by Sidney Crosby.
18:49 of 3rd period - Stopped by Anton Khudobin without a rebound.
18:50 of 3rd period - Miles Wood wins face-off versus Nic Dowd in BOSTON zone.
18:55 of 3rd period - Clayton Stoner is hit by Miles Wood and loses puck.
19:02 of 3rd period - Shot by Ronalds Kenins.
19:02 of 3rd period - Stopped by Jimmy Howard without a rebound.
19:03 of 3rd period - Sidney Crosby wins face-off versus Ivan Barbashev in WINNIPEG zone.
19:49 of 3rd period - Shot by Sidney Crosby.
19:49 of 3rd period - Stopped by Anton Khudobin without a rebound.
19:50 of 3rd period - Scott Hartnell wins face-off versus Brandon Sutter in BOSTON zone.
Goals for this period are 2 for BOSTON vs 2 for WINNIPEG.
Shots for this period are 12 for BOSTON vs 11 for WINNIPEG.

Overtime #1


0:01 of 1st overtime period - Sidney Crosby wins face-off versus Gemel Smith in neutral zone.
0:05 of 1st overtime period - Minor Penalty to Sidney Crosby for Hooking.
0:06 of 1st overtime period - Bo Horvat wins face-off versus Gemel Smith in WINNIPEG zone.
0:23 of 1st overtime period - Shot by Gemel Smith.
0:23 of 1st overtime period - Stopped by Jimmy Howard without a rebound.
0:24 of 1st overtime period - Bo Horvat wins face-off versus Gemel Smith in WINNIPEG zone.
0:24 of 1st overtime period - Bo Horvat is hit by Drew Stafford.
1:10 of 1st overtime period - Brandon Sutter is hit by Kevin Fiala and loses puck.
2:05 of 1st overtime period - Shot by Brandon Sutter.
2:05 of 1st overtime period - Stopped by Anton Khudobin without a rebound.
2:06 of 1st overtime period - Sidney Crosby wins face-off versus Kevin Fiala in BOSTON zone.
4:08 of 1st overtime period - Icing by Dennis Seidenberg.
4:09 of 1st overtime period - Patrick Eaves wins face-off versus Scott Hartnell in BOSTON zone.
4:36 of 1st overtime period - Shot by Patrick Marleau.
4:36 of 1st overtime period - Deflect By Patrick Eaves.
4:36 of 1st overtime period - Stopped by Anton Khudobin without a rebound.
4:37 of 1st overtime period - Sidney Crosby wins face-off versus Evan Rodrigues in BOSTON zone.
Goals for this period are 0 for BOSTON vs 0 for WINNIPEG.
Shots for this period are 1 for BOSTON vs 2 for WINNIPEG.

ShootOut


5:00 of 1st overtime period - Penalty Shot by Gemel Smith for BOSTON.
5:00 of 1st overtime period - Shot Misses the Net.
5:00 of 1st overtime period - Penalty Shot by Sidney Crosby for WINNIPEG.
5:00 of 1st overtime period - Stopped by Anton Khudobin.
5:00 of 1st overtime period - Penalty Shot by Evan Rodrigues for BOSTON.
5:00 of 1st overtime period - Stopped by Jimmy Howard.
5:00 of 1st overtime period - Penalty Shot by Alexander Ovechkin for WINNIPEG.
5:00 of 1st overtime period - Shot Misses the Net.
5:00 of 1st overtime period - Penalty Shot by Markus Hannikainen for BOSTON.
5:00 of 1st overtime period - Stopped by Jimmy Howard.
5:00 of 1st overtime period - Penalty Shot by Cam Atkinson for WINNIPEG.
5:00 of 1st overtime period - Goal by Cam Atkinson.